 Dungeon Crawl Stone Soup version 0.19.4-9-g45fd643 (webtiles) character file.

532 Rrauwl the Cudgeler (level 7, -6/66 HPs)
             Began as a Troll Berserker on Feb 19, 2017.
             Was a Priest of Trog.
             Splashed by a jelly's acid (9 damage)
             ... on level 5 of the Dungeon.
             The game lasted 00:21:00 (3728 turns).

Rrauwl the Cudgeler (Troll Berserker)               Turns: 3728, Time: 00:21:00

Health: -6/66      AC: -5    Str: 29    XL:     7   Next: 4%
Magic:  6/6        EV: 13    Int:  4    God:    Trog [***...]
Gold:   132        SH:  0    Dex: 10    Spells: 0 memorised, 6 levels left

rFire  . . .     SeeInvis .     a - +0 mace
rCold  . . .     Gourm    +     b - +1 animal skin
rNeg   . . .     Faith    .     (no shield)
rPois  .         Spirit   .     (helmet restricted)
rElec  +         Reflect  .     (no cloak)
rCorr  .         Harm     .     (gloves unavailable)
MR     .....                    (boots unavailable)
Stlth  ++........               (no amulet)
                                n - ring of Seesor {rElec Str+3 Stlth+}
                                j - +2 ring of evasion

@: corroded
A: unfitting armour, claws 3, fast metabolism 3, gourmand, regeneration 1,
shaggy fur 1, tough skin 2
a: Berserk, Trog's Hand, Burn Spellbooks, Renounce Religion


You were on level 5 of the Dungeon.
You worshipped Trog.
Trog was most pleased with you.
You were full.

You visited 1 branch of the dungeon, and saw 5 of its levels.

You collected 132 gold pieces.

Inventory:

Hand Weapons
 a - a +0 mace (weapon)
 p - a +0 giant spiked club
Missiles
 k - 4 tomahawks (quivered)
Armour
 b - a +1 animal skin (worn)
Jewellery
 j - a +2 ring of evasion (left claw)
 m - an uncursed ring of fire
 n - the ring of Seesor (right claw) {rElec Str+3 Stlth+}
   (You found it on level 4 of the Dungeon)

   [ring of stealth]

   It affects your strength (+3).
   It insulates you from electricity.
   It makes you more stealthy.
Scrolls
 d - 2 scrolls of teleportation
 g - 3 scrolls of identify
 h - a scroll of immolation
 l - 3 scrolls of remove curse
Potions
 e - a potion of magic
 i - 2 potions of invisibility
Books
 r - Kikubaaqudgha's Papyrus of Stolen Souls
   (You found it on level 5 of the Dungeon)

   Spells                             Type                      Level
   a - Pain                           Necromancy                   1
   Trog disapproves of the use of such an item.
Comestibles
 c - 4 bread rations
 f - 4 fruits
 o - a meat ration


   Skills:
 - Level 2.4 Fighting
 + Level 5.2 Maces & Flails
 - Level 2.1 Throwing
 + Level 1.9 Armour
 - Level 4.1 Dodging


You had 6 spell levels left.
You didn't know any spells.

Dungeon Overview and Level Annotations

Branches:
Dungeon (5/15)
 Temple: D:4-7

Altars:
Kikubaaqudgha
Nemelex Xobeh
Sif Muna
Vehumet
Yredelemnul

Annotations:
D:5 Eustachio


Innate Abilities, Weirdness & Mutations

You are too large for most types of armour.
You have claws for hands.
Your metabolism is lightning-fast.
You like to eat raw meat.
Your natural rate of healing is unusually fast.
You are covered in fur. (AC +1)
You have very tough skin. (AC +2)


Message History

The jelly hits you.
You are splashed with acid!
The acid burns!
You hit the jelly but do no damage.
Your claws burn!
* * * LOW HITPOINT WARNING * * *
The jelly is severely wounded.
The jelly closely misses you.
You hit the jelly but do no damage.
Your claws burn!
* * * LOW HITPOINT WARNING * * *
The jelly is severely wounded.
The jelly misses you.
You hit the jelly.
Your claws burn!
* * * LOW HITPOINT WARNING * * *
The jelly is severely wounded.
The jelly hits you.
* * * LOW HITPOINT WARNING * * *
The acid corrodes you!
You are splashed with acid!
The acid burns!
* * * LOW HITPOINT WARNING * * *
The jelly hits you.
* * * LOW HITPOINT WARNING * * *
You are splashed with acid!
The acid burns!
You die...

#.##.##.#.##.##.#
#.##. #.#.##....#
#... #.#.#######
#.## #.#.#
#.#####.#.####
#.##....#....#
#.##.#######.#
#.##.#######.#
#..J@........#
##############


You could see a jelly.

Vanquished Creatures
  An ogre (D:4)
  A bullfrog (D:5)
  A crimson imp (D:5)
  A hound (D:4)
  4 orc wizards
  2 worker ants
  A hound skeleton (D:3)
  6 adders
  An adder zombie (D:5)
  2 worms
  3 dart slugs
  2 leopard geckos
  10 orcs
  A ball python (D:2)
  4 giant cockroaches (D:3)
  A goblin (D:3)
  8 hobgoblins
  4 jackals (D:5)
  2 quokkas
  8 bats
  6 frilled lizards
  8 kobolds
  8 rats
85 creatures vanquished.

Notes
Turn   | Place    | Note
-------+----------+-------------------------------------------
     0 | D:1      | Rrauwl the Troll Berserker began the quest for the Orb.
     0 | D:1      | Reached XP level 1. HP: 22/22 MP: 0/0
   180 | D:1      | Reached XP level 2. HP: 28/29 MP: 1/1
   319 | D:1      | You fall through a shaft!
   323 | D:2      | Reached skill level 3 in Maces & Flails
   344 | D:2      | Reached XP level 3. HP: 35/36 MP: 2/2
   429 | D:2      | Reached ** piety under Trog
   868 | D:2      | Found a basalt altar of Yredelemnul.
   965 | D:2      | Reached XP level 4. HP: 26/44 MP: 3/3
  1398 | D:3      | Reached skill level 4 in Maces & Flails
  1825 | D:3      | Found a sparkling altar of Nemelex Xobeh.
  2192 | D:4      | Reached XP level 5. HP: 46/50 MP: 4/4
  2200 | D:4      | Reached *** piety under Trog
  2230 | D:4      | Got a fine lapis lazuli ring
  2234 | D:4      | Identified the ring of Seesor {rElec Str+3 Stlth+} (You found it on level 4 of the Dungeon)
  3067 | D:4      | Noticed an ogre
  3074 | D:4      | Killed an ogre
  3074 | D:4      | Reached skill level 1 in Throwing
  3074 | D:4      | Reached skill level 1 in Armour
  3074 | D:4      | Reached XP level 6. HP: 12/59 MP: 5/5
  3403 | D:5      | Entered Level 5 of the Dungeon
  3407 | D:5      | Noticed Eustachio
  3412 | D:5      | Reached skill level 5 in Maces & Flails
  3521 | D:5      | Found an ancient bone altar of Kikubaaqudgha.
  3556 | D:5      | Reached XP level 7. HP: 38/66 MP: 6/6
  3558 | D:5      | Found a deep blue altar of Sif Muna.
  3559 | D:5      | Found a radiant altar of Vehumet.
  3561 | D:5      | Identified Kikubaaqudgha's Papyrus of Stolen Souls
  3725 | D:5      | HP: 2/66 [acid (7)]
  3728 | D:5      | Splashed by a jelly's acid

Skill      XL: |  1  2  3  4  5  6 |
---------------+-------------------+-----
Maces & Flails | 3 4 5 |  5.2
Dodging        | 3 4 |  4.1
Throwing       | 1 2 |  2.1
Armour         | 1 |  1.9
Fighting       | |  2.4

Action                   |  1- 3 |  4- 6 |  7- 9 || total
-------------------------+-------+-------+-------++-------
Melee: Mace              |   122 |   254 |     8 ||   384
Throw: Tomahawk          |       |     3 |       ||     3
Invok: Berserk           |       |     1 |       ||     1
  Use: Scroll            |     4 |     4 |       ||     8
       Potion            |       |     6 |       ||     6
 Stab: Sleeping          |     2 |     3 |       ||     5
       Distracted        |       |     1 |       ||     1
  Eat: Chunk             |    14 |    20 |     5 ||    39
Armor: Animal skin       |    58 |    96 |       ||   154
Dodge: Dodged            |    86 |   227 |     5 ||   318
